Map: Traitor's Exile

Players

IIIIIIIIIIII

  • Race: Zerg Zerg
  • Spawn Location: 6:00

respectable

  • Race: Zerg Zerg
  • League: Diamond
  • Spawn Location: 5:00

Ergopro - Winner!

  • Race: Protoss Protoss
  • League: Diamond
  • Spawn Location: 9:00

PureLegacy - Winner!

  • Race: Terran Terran
  • Spawn Location: 12:00

VOD

Have the link to the VOD?

Description

Time

  • Played on: Nov. 28, 2018, 9:02 a.m.
  • Length: 6:36
Show
View Real Time Build Order
Export as new Build Order

IIIIIIIIIIII Zerg 

Build Orders: Pool First 

Get SALT Encoding   

  12  0:02  Drone  
  13  0:13  Overlord  
  13  0:20  Drone  
  14  0:33  Drone x2  
  16  0:38  Drone  
  17  0:48  Spawning Pool  
  16  0:52  Drone  
  17  1:16  Hatchery  
  16  1:19  Drone  
  16  1:25  Extractor  
  16  1:28  Drone  
  17  1:38  Queen  
  19  1:44  Zergling x4  
  21  1:50  Overlord  
  21  1:56  Drone  
  22  2:11  Drone  
  22  2:14  Queen  
  25  2:29  Queen  
  27  2:30  Metabolic Boost  
  27  2:37  Drone  
  27  2:38  Drone x2  
  30  2:46  Drone x2  
  32  2:52  Overlord  
  31  3:00  Zergling x4  
  31  3:14  Drone x4  
  35  3:26  Drone x4  
  39  3:35  Drone, Overlord  
  35  3:52  Roach Warren  
  34  4:00  Drone x3  
  37  4:03  Hatchery  
  36  4:11  Queen  
  36  4:14  Spore Crawler  
  36  4:15  Spore Crawler  
  36  4:22  Drone x4  
  38  4:29  Queen  
  38  4:47  Evolution Chamber, Queen  
  38  4:50  Evolution Chamber  
  38  4:56  Roach x2  
  38  4:57  Roach x2  
  46  5:00  Roach  
  46  5:05  Overlord x2  
  48  5:12  Queen  
  50  5:20  Pneumatized Carapace  
  50  5:30  Roach x5  
  60  5:42  Spine Crawler  
  59  5:45  Spore Crawler  
  57  5:58  Queen x2  
  61  6:04  Overlord x2  
  61  6:15  Overlord x3  
Show
View Real Time Build Order
Export as new Build Order

respectable Zerg 

Build Orders: Pool First, Ravager All-In 

Get SALT Encoding   

  12  0:01  Drone  
  13  0:08  Drone  
  14  0:18  Overlord  
  14  0:28  Drone, Extractor  
  14  0:42  Spawning Pool  
  13  0:45  Drone  
  13  0:49  Drone  
  15  0:55  Drone  
  16  1:00  Drone  
  17  1:12  Drone  
  18  1:22  Overlord  
  18  1:29  Roach Warren  
  18  1:31  Drone, Extractor  
  17  1:42  Queen  
  19  1:48  Drone  
  19  1:51  Drone  
  21  2:01  Drone  
  22  2:13  Roach  
  24  2:26  Roach  
  25  2:33  Ravager  
  25  2:34  Roach  
  28  2:45  Overlord  
  28  2:47  Ravager  
  29  2:54  Drone  
  30  3:07  Roach x3  
  30  3:08  Ravager  
  37  3:29  Spine Crawler  
  37  3:33  Ravager x2  
  38  3:38  Overlord  
  38  3:43  Hatchery  
  37  3:53  Ravager  
  37  3:54  Overlord  
  38  4:15  Roach x4  
  28  4:49  Drone x4  
  28  4:51  Lair  
  32  4:56  Spore Crawler  
  31  5:08  Roach  
  31  5:09  Spore Crawler  
  28  5:36  Ravager  
  28  5:37  Ravager x2  
  28  5:38  Ravager  
  28  5:41  Overlord  
  32  5:51  Hydralisk Den  
  32  5:52  Overlord  
  31  5:59  Queen  
  33  6:15  Drone x3  
  33  6:17  Overlord  
Show
View Real Time Build Order
Export as new Build Order

Ergopro Protoss - Winner!

Build Orders:  

Get SALT Encoding   

  12  0:01  Probe  
  13  0:13  Probe  
  14  0:18  Pylon  
  14  0:25  Probe  
  15  0:32  Assimilator  
  15  0:37  Probe  
  16  0:47  Gateway  
  16  0:52  Gateway, Probe  
  17  1:04  Pylon  
  17  1:09  Probe  
  17  1:17  Probe  
  19  1:35  Probe  
  19  1:37  Assimilator  
  20  1:42  Cybernetics Core  
  20  1:48  Probe  
  20  1:53  Forge  
  21  2:20  Probe, Stargate  
  22  2:29  Photon Cannon  
  22  2:31  Pylon  
  22  2:32  Probe  
  22  2:34  Warp Gate  
  23  2:40  Probe  
  24  3:02  Void Ray  
  28  3:14  Pylon  
  28  3:16  Stargate  
  28  3:40  Void Ray  
  32  4:06  Shield Battery  
  32  4:23  Void Ray  
  36  4:56  Pylon  
  36  5:14  Void Ray, Nexus  
  36  5:19  Photon Cannon  
  36  5:21  Photon Cannon  
  40  5:25  Photon Cannon  
  40  5:36  Void Ray  
  44  5:48  Pylon  
  43  5:51  Pylon  
  43  6:04  Pylon  
  43  6:08  Photon Cannon  
  43  6:09  Photon Cannon  
  43  6:11  Gateway  
  43  6:15  Shield Battery  
Show
View Real Time Build Order
Export as new Build Order

PureLegacy Terran - Winner!

Build Orders:  

Get SALT Encoding   

  12  0:00  SCV  
  13  0:13  SCV  
  14  0:18  Supply Depot  
  14  0:25  SCV  
  15  0:32  Refinery  
  15  0:40  SCV  
  16  0:47  Barracks  
  16  0:52  SCV  
  17  1:04  Barracks  
  17  1:16  Barracks  
  17  1:21  SCV  
  18  1:34  Reaper  
  18  1:38  Orbital Command  
  19  1:48  Refinery  
  19  1:56  Reaper  
  19  1:59  Supply Depot  
  20  2:05  Reaper  
  21  2:10  Reaper  
  22  2:22  Barracks  
  22  2:28  Reaper  
  23  2:35  Barracks  
  23  2:38  Reaper  
  24  2:48  Reaper  
  24  2:50  SCV  
  26  3:01  Reaper  
  27  3:07  Supply Depot, SCV  
  27  3:12  Reaper x2  
  30  3:26  Reaper  
  31  3:29  Reaper  
  31  3:30  SCV  
  33  3:48  Reaper x2  
  34  3:50  Command Center  
  34  3:54  SCV  
  36  3:58  Reaper  
  37  4:06  Supply Depot, Reaper  
  36  4:14  Reaper  
  37  4:24  Reaper  
  33  4:48  Supply Depot, SCV  
  33  4:52  Barracks Tech Lab  
  35  4:55  Barracks Reactor  
  35  4:58  Marine x3  
  36  5:01  SCV  
  36  5:02  Factory  
  36  5:06  Orbital Command  
  37  5:11  Marine  
  37  5:13  SCV  
  39  5:24  Marine x2  
  39  5:25  Marine  
  42  5:33  Marine x3  
  45  5:35  SCV  
  45  5:37  SCV  
  45  5:42  Marine  
  48  5:48  Factory Reactor, SCV, Starport  
  49  5:58  Marine x2  
  49  5:59  Marine x2  
  49  6:00  SCV  
  49  6:01  SCV  
  49  6:03  Marauder  
  57  6:07  Supply Depot  
  57  6:13  SCV x2  
  64  6:34  Supply Depot x2  
Tags
 
Add a new tag
Caveats
  • Supply blocks, unpowered buildings, or Contaminate may cause inaccurate times.
  • Supply counts are checked every 10 seconds.